 Dungeon Crawl Stone Soup version 0.27.1-34-g3ba077fa99 (webtiles) character file.

Game seed: 12866362907530254796

30 vvl the Ruffian (level 3, -2/28 HPs)
             Began as a Draconian Transmuter on Jan 18, 2022.
             Slain by a goblin (3 damage)
             ... on level 2 of the Dungeon.
             The game lasted 00:02:04 (1286 turns).

vvl the Ruffian (Draconian Transmuter)              Turns: 1286, Time: 00:02:04

Health: -2/28      AC:  5    Str: 13    XL:     3   Next: 5%
Magic:  6/6        EV:  9    Int: 13    God:
Gold:   14         SH:  7    Dex: 11    Spells: 5/6 levels left

rFire    . . .     SeeInvis .   a - +0 short sword
rCold    . . .     Faith    .   e - +0 kite shield
rNeg     . . .     Spirit   .   (armour unavailable)
rPois    .         Reflect  .   (helmet restricted)
rElec    .         Harm     .   (no cloak)
rCorr    .         Rampage  .   (no gloves)
Will     .....                  (no boots)
Stlth    +.........             (no amulet)
HPRegen  0.09/turn              (no ring)
MPRegen  0.10/turn              (no ring)

@: slowed, studying Crossbows, very slow
A: AC +5, unfitting armour, cold-blooded
a: no special abilities


You were on level 2 of the Dungeon.
You visited 1 branch of the dungeon, and saw 2 of its levels.

You collected 14 gold pieces.

Inventory:

Hand Weapons
 a - a +0 short sword (weapon)
Armour
 e - a +0 kite shield (worn)
Jewellery
 b - a ring of fire
Scrolls
 c - a scroll of immolation {unknown}
 d - a scroll of identify {unknown}


   Skills:
 + Level 1.5 Fighting
 + Level 0.9 Crossbows
 + Level 2.0 Dodging
 + Level 0.4 Shields
 * Level 3.3 Unarmed Combat
 + Level 2.1 Spellcasting
 * Level 2.3 Transmutations


You had 5 spell levels left.
You knew the following spells:

 Your Spells              Type           Power      Damage    Failure   Level
a - Beastly Appendage     Tmut           14%        N/A       52%         1

Your spell library contained the following spells:

 Spells                   Type           Power      Damage    Failure   Level
 Wereblood                Tmut           7%         N/A       67%         2
 Magic Dart               Conj           4%         1d3       86%         1
 Call Imp                 Summ           1%         N/A       94%         2
 Spider Form              Tmut/Pois      2%         N/A       97%         3
 Mephitic Cloud           Conj/Pois/Air  1%         N/A       99%         3
 Ice Form                 Ice/Tmut       4%         N/A       100%        4


Dungeon Overview and Level Annotations

Branches:
Dungeon (2/15)

Altars:


Innate Abilities, Weirdness & Mutations

Your plain brown scales are hard. (AC +5)
You cannot fit into any form of body armour.
You are cold-blooded and may be slowed by cold attacks.


Message History

The quokka barely misses you. The endoplasm freezes you.
You are frozen.
The goblin closely misses you. The worm misses you.
You block the quokka's attack.
You grow a pair of large bovine horns.
Your feet morph into talons.
The endoplasm freezes you.
You are frozen.
You block the goblin's attack. You block the quokka's attack.
You hit the worm.
The worm is lightly wounded.
The endoplasm freezes you.
You are frozen.
The quokka closely misses you. The goblin closely misses you.
The worm barely misses you. You block the endoplasm's attack.
You hit the worm. You claw the worm. You tail-slap the worm.
The worm is moderately wounded.
The quokka bites you. The goblin hits you but does no damage.
The quokka misses you. The endoplasm freezes you.
You are frozen.
You feel yourself slow down. The goblin hits you but does no damage.
The worm bites you.
Your transformation is almost over.
You block the quokka's attack. The endoplasm freezes you.
You are frozen.
* * * LOW HITPOINT WARNING * * *
You feel as though you will be slow longer.
The goblin hits you but does no damage. The quokka barely misses you.
The quokka barely misses you. You block the goblin's attack.
The quokka bites you but does no damage.
Your horns disappear.
Your talons disappear.
The endoplasm freezes you.
You are frozen.
* * * LOW HITPOINT WARNING * * *
You feel as though you will be slow longer.
The quokka closely misses you.
The quokka bites you but does no damage.
You block the endoplasm's attack. The goblin hits you but does no damage.
The quokka closely misses you. The goblin barely misses you.
You block the quokka's attack. The goblin hits you with a +0 dagger.
You die...

.........###
.........####
............#
......(..##.#
........###.#
##########.# #.#
#.....# #.###.#
#.....# #.#.#.#
#.....####@#.#.#
#........grJ...#
#..........#####
#..........#
####.....w.#
#.......#
#.......#
#.......#
#.......#


You could see a worm, an endoplasm, a quokka and a goblin.

Vanquished Creatures
  A bat (D:1)
  An endoplasm (D:1)
  A giant cockroach (D:1)
  7 goblins (D:1)
  4 hobgoblins (D:1)
  2 jackals (D:1)
  2 quokkas (D:1)
  3 ball pythons (D:1)
  A frilled lizard (D:1)
  3 kobolds (D:1)
  A rat (D:2)
26 creatures vanquished.

Notes
Turn   | Place    | Note
-------+----------+-------------------------------------------
     0 | D:1      | vvl the Draconian Transmuter began the quest for the Orb.
     0 | D:1      | Reached XP level 1. HP: 16/16 MP: 3/3
   388 | D:1      | Reached XP level 2. HP: 19/23 MP: 3/5
   727 | D:1      | Found a faded altar of an unknown god.
   864 | D:1      | Reached XP level 3. HP: 28/28 MP: 4/6
  1282 | D:2      | HP: 1/28 [frozen (4)]
  1286 | D:2      | Slain by a goblin

Illustrated notes

Levels and vault maps discovered:
D:1:      psy_arrival_spokes, layout_loops_ring,
          chequers_ecumenical_altar_simple
D:2:      layout_basic

Skill      XL: |  1  2 |
---------------+-------+-----
Dodging        | 2 |  2.0
Fighting       | |  1.5
Crossbows      | |  0.9
Shields        | |  0.4
Unarmed Combat | |  3.3
Spellcasting   | |  2.1
Transmutations | |  2.3

Action                   || total
-------------------------++-------
Melee: Short sword       ||    70
       Kick              ||    14
       Unarmed           ||     3
       Headbutt          ||     6
       Tailslap          ||     6
 Cast: Beastly Appendage ||    18
 Stab: Sleeping          ||     1
Armor: Skin              ||    24
Dodge: Dodged            ||    57
Block: Kite shield       ||    11
